 Dungeon Crawl Stone Soup version 0.26-a0-84-g8c18429211 (webtiles) character file.

Game seed: 18070347585795792009

175866 Harbin the Peltast (level 17, -4/116 HPs)
             Began as a Minotaur Fighter on June 13, 2020.
             Was the Champion of Trog.
             Slain by an azure jelly (8 damage)
             ... created by the Royal Jelly
             ... on level 4 of the Pits of Slime on June 19, 2020.
             The game lasted 03:15:02 (24357 turns).

Harbin the Peltast (Minotaur Fighter)              Turns: 24357, Time: 03:15:02

Health: -4/116     AC:  5    Str: 24 (25) XL:     17   Next: 22%
Magic:  20/20      EV:  8    Int:  8 (10) God:    Trog [******]
Gold:   1684       SH: 32    Dex:  7 (8)  Spells: 16/16 levels left

rFire    + . .     SeeInvis +   C - +5 broad axe (flame)
rCold    + . .     Gourm    .   Z - +10 tower shield of Ignorance {rN+ Int-4}
rNeg     + . .     Faith    +   w - +1 plate armour {rF+}
rPois    +         Spirit   .   (helmet restricted)
rElec    +         Reflect  .   W - +1 cloak {rCorr}
rCorr    +         Harm     .   H - +1 pair of gloves
MR       +++++     Rnd*Tele +   o - +0 pair of boots of Imperfection {rPois Int+2} (curse)
Stlth    ..........             O - amulet "Lip Urus" {Faith rElec Int+2 SInv}
HPRegen  1.29/turn              A - ring of protection from magic
MPRegen  0.17/turn              k - ring "Moukkitz" {rC+ Str+2 Int+6 Slay+2}

@: corroded, berserk cooldown, very slightly contaminated, starving,
regenerating, slowed, very slow
A: retaliatory headbutt, horns 2, talons 1, clumsy 1, deformed body,
deterioration 1, dopey 1, frail 3, low mp 1, magic resistance 1, screaming 1,
teleportitis 1, weak 2, subdued magic 1
}: 1/15 runes: decaying
a: Berserk, Trog's Hand, Brothers in Arms, Renounce Religion


You were on level 4 of the Pits of Slime.
You worshipped Trog.
Trog was exalted by your worship.
You were starving.

You visited 6 branches of the dungeon, and saw 30 of its levels.
You also visited: Gauntlet and Ice Cave.

You collected 1765 gold pieces.
You spent 81 gold pieces at shops.

Inventory:

Hand Weapons
 a - a +1 glaive of freezing
 C - a +5 broad axe of flaming (weapon)
 F - the +1 war axe of the First Priests {vorpal, rC+ Str+4}
   (You took it off a centaur on level 6 of the Dungeon)

   It inflicts extra damage upon your enemies.
   It affects your strength (+4).
   It protects you from cold.
 K - a +7 vorpal war axe
Missiles
 b - 12 silver javelins (quivered)
Armour
 o - the cursed +0 pair of boots of Imperfection (worn) {rPois Int+2}
   (You found it in a Gauntlet)

   It affects your intelligence (+2).
   It protects you from poison.
   It has a curse placed upon it.
 t - a scarf of resistance
 w - a +1 plate armour of fire resistance (worn)
 H - a +1 pair of gloves (worn)
 W - a +1 cloak of preservation (worn)
 Z - the +10 tower shield of Ignorance (worn) {rN+ Int-4}
   (You found it in a Gauntlet)

   It affects your intelligence (-4).
   It protects you from negative energy.
Jewellery
 k - the ring "Moukkitz" (right hand) {rC+ Str+2 Int+6 Slay+2}
   (You acquired it on level 2 of the Lair of Beasts)

   [ring of intelligence]

   It affects your strength (+2).
   It affects your intelligence (+6).
   It affects your accuracy and damage with ranged weapons and melee attacks
   (+2).
   It protects you from cold.
 z - the ring of Ephemeral Luck {Int-3 Dex+10 Stlth+}
   (You found it in a Gauntlet)

   [ring of stealth]

   It affects your intelligence (-3).
   It affects your dexterity (+10).
   It makes you more stealthy.
 A - a ring of protection from magic (left hand)
 E - the ring of Zabrigam {+Fly rN+ Str+3}
   (You took it off a centaur on level 6 of the Dungeon)

   [ring of flight]

   It affects your strength (+3).
   It protects you from negative energy.
   It lets you fly.
 N - an uncursed ring of protection from cold
 O - the amulet "Lip Urus" (around neck) {Faith rElec Int+2 SInv}
   (You found it on level 6 of the Lair of Beasts)

   [amulet of faith]

   It allows you to gain divine favour quickly.
   It affects your intelligence (+2).
   It insulates you from electricity.
   It lets you see invisible.
 P - the brooch of Shielding {Spirit SH+8}
   (You found it on level 10 of the Dungeon)

   [amulet of guardian spirit]

   It causes incoming damage to be split between your health and magic.
   It affects your SH (+8).
 Q - the ring "Qaotias" {rPois Dex+2}
   (You took it off a minotaur in a Gauntlet)

   [ring of poison resistance]

   It affects your dexterity (+2).
   It protects you from poison.
 V - a +4 ring of protection
 Y - an uncursed ring of see invisible
Wands
 c - a wand of disintegration (15)
 i - a wand of flame (75)
 m - a wand of enslavement (11)
 p - a wand of random effects (29)
 B - a wand of acid (23)
 I - a wand of iceblast (7)
 J - a wand of clouds (12)
 M - a wand of polymorph (8)
 X - a wand of paralysis (33)
Scrolls
 e - 5 scrolls of fog
 l - 13 scrolls of remove curse
 s - 5 scrolls of fear
 u - 4 scrolls of enchant weapon
 v - a scroll of magic mapping
 D - 6 scrolls of identify
 L - 9 scrolls of teleportation
Potions
 d - 3 potions of might
 h - 4 potions of invisibility
 j - 11 potions of curing
 n - 5 potions of haste
 r - 2 potions of magic
 R - a potion of resistance
 T - 2 potions of lignification
Miscellaneous
 y - a phantom mirror
 S - a phial of floods
 U - a lightning rod (4/4)
Comestibles
 f - 48 rations


   Skills:
 + Level 18.6 Fighting
 - Level 17.4(18.0) Axes
   Level 8.0(13.8) Maces & Flails
 - Level 11.7 Armour
 - Level 5.4 Dodging
 - Level 0.2 Stealth
 + Level 18.6 Shields
   Level 2.2 Invocations
 - Level 8.5 Evocations


You had 16 spell levels left.
You didn't know any spells.
Your spell library contained the following spells:

 Spells                   Type           Power        Failure   Level  Hunger
 Corona                   Hex            #......      100%        1    ##.....
 Infusion                 Chrm           #...         100%        1    ##.....
 Sting                    Tmut/Pois      #...         100%        1    ##.....
 Ensorcelled Hibernation  Hex/Ice        #.....       100%        2    ###....
 Poisonous Vapours        Pois/Air       #.....       100%        2    ###....
 Shroud of Golubria       Chrm/Tloc      #.....       100%        2    ###....
 Slow                     Hex            #.......     100%        2    ###....
 Song of Slaying          Chrm           #.......     100%        2    ###....
 Confusing Touch          Hex            #.......     100%        3    ####...
 Conjure Flame            Conj/Fire      #.......     100%        3    ####...
 Dazzling Flash           Conj/Hex       #.....       100%        3    ####...
 Gell's Gravitas          Tloc           #.........   100%        3    ####...
 Ignite Poison            Fire/Tmut/Pois #.......     100%        3    ####...
 Inner Flame              Hex/Fire       #.......     100%        3    ####...
 Mephitic Cloud           Conj/Pois/Air  #.......     100%        3    ####...
 Ozocubu's Armour         Chrm/Ice       #.......     100%        3    ####...
 Portal Projectile        Hex/Tloc       #.....       100%        3    ####...
 Recall                   Summ/Tloc      N/A          100%        3    ####...
 Spectral Weapon          Hex/Chrm       #.......     100%        3    ####...
 Tukima's Dance           Hex            #.......     100%        3    ####...
 Cause Fear               Hex            #.........   100%        4    #####..
 Leda's Liquefaction      Hex/Erth       #.........   100%        4    #####..
 Olgreb's Toxic Radiance  Pois           #.......     100%        4    #####..
 Petrify                  Tmut/Erth      #.......     100%        4    #####..
 Bolt of Magma            Conj/Fire/Erth #.........   100%        5    ######.
 Iskenderun's Battlesphe  Conj/Chrm      #.......     100%        5    ######.
 Lightning Bolt           Conj/Air       #.........   100%        5    ######.
 Metabolic Englaciation   Hex/Ice        #.........   100%        5    ######.
 Yara's Violent Unravell  Hex/Tmut       #.........   100%        5    ######.
 Freezing Cloud           Conj/Ice/Air   #.........   100%        6    #######
 Iron Shot                Conj/Erth      #.........   100%        6    #######
 Orb of Destruction       Conj           #.........   100%        7    #######
 Ring of Flames           Chrm/Fire      #.........   100%        7    #######
 Spellforged Servitor     Conj/Summ      #.........   100%        7    #######


Dungeon Overview and Level Annotations

Branches:
Dungeon (13/15)            Temple (1/1) D:4            Lair (6/6) D:8
  Swamp (4/4) Lair:3       Spider (1/4) Lair:4        Slime (5/5) Lair:5
    Orc (0/2) D:11          IceCv (visited)         Gauntlet (visited)
 Vaults: D:13-14

Altars:
Ashenzari
Cheibriados
Dithmenos
Elyvilon
Fedhas
Gozag
Hepliaklqana
Kikubaaqudgha
Makhleb
Nemelex Xobeh
Okawaru
Qazlal
Ru
Sif Muna
Trog
Uskayaw
Vehumet
Wu Jian
Xom
Yredelemnul
Zin
The Shining One
Jiyva

Shops:
D:5 [

Annotations:
Slime:5 Royal Jelly


Innate Abilities, Weirdness & Mutations

You reflexively headbutt those who attack you in melee.
You have a pair of horns on your head.
You have sharp toenails.
You are clumsy. (Dex -2)
Armour fits poorly on your strangely shaped body.
Your body sometimes deteriorates upon taking damage.
You are dopey. (Int -2)
You are extremely frail. (-30% HP)
Your magical capacity is low. (-10% MP)
You are resistant to hostile enchantments. (MR+)
You occasionally shout uncontrollably at your foes.
You are occasionally teleported next to monsters.
You are very weak. (Str -4)
Your spells are a little easier to cast, but a little less powerful.


Message History

The azure jelly freezes you! You resist.
* * * LOW HITPOINT WARNING * * *
The azure jelly hits you.
* * * LOW HITPOINT WARNING * * *
The azure jelly freezes you! You resist.
* * * LOW HITPOINT WARNING * * *
You block the azure jelly's attack. The azure jelly barely misses you.
You climb upwards.
There is a stone staircase leading down here.
You feel better. You block the azure jelly's attack. x2
The azure jelly hits you but does no damage.
The azure jelly hits you!
* * * LOW HITPOINT WARNING * * *
You block the azure jelly's attack. x3; The azure jelly hits you.
* * * LOW HITPOINT WARNING * * *
Your skin crawls.
You feel resistant to hostile enchantments.
You are starving!
You block the azure jelly's attack. x2; The azure jelly hits you!
You die...

##.#.......#.#....##...##....
##...#.............##...#.....
##...###...#.#...........#.....
#....#..............#..........
##............................. #
#...............#........#...>
#.##..............#.............
#................................
##.#..#.........@...............#
##............J.)..###..........
##.##......................#.#.
###....................#...#..
#....#.#...............#.#...
#....#......<..#.#.....###....
#....##.........##......###..^#
##.###..........###.#....###.#.
####...........# ###......####


You could see an azure jelly.

Vanquished Creatures
  2 tentacled monstrosities (Swamp:3)
  15 acid blobs
  5 azure jellies
  A frost giant (IceCv)
  Aizul (Lair:3)
  A minotaur (Gauntlet)
  Josephine (Swamp:1)
  2 death oozes
  5 great orbs of eyes
  A ghost crab (Swamp:1)
  Harold (D:10)
  26 hydras
  3 shambling mangroves
  A centaur warrior (D:12)
  2 two-headed ogres
  6 alligators
  A glowing orange brain (Slime:5)
  2 wizards (Gauntlet)
  2 spriggan druids
  A lindwurm (Lair:6)
  16 swamp dragons
  4 oklob plants (Lair:6)
  6 elephants (Lair:6)
  9 shining eyes
  3 black mambas
  A cyclops (D:12)
  An ice statue (IceCv)
  2 centaur zombies (D:12)
  An eye of devastation (Slime:2)
  17 spiny frogs
  5 komodo dragons
  Maggie (D:7)
  2 rime drakes (Lair:6)
  A queen bee (shapeshifter) (Gauntlet)
  8 tyrant leeches
  3 trolls
  24 hornets
  21 polar bears
  Grinder (D:3)
  9 blink frogs
  4 bog bodies
  72 slime creatures
  6 dream sheep
  7 hippogriffs
  Sigmund (D:5)
  A shadow (D:12)
  A redback (Lair:4)
  25 spriggans
  A tarantella (Lair:4)
  4 wraiths (Swamp:1)
  A wyvern (D:12)
  28 yaks
  11 golden eyes
  A steam dragon (D:11)
  4 basilisks
  Edmund (D:5)
  Menkaure (D:7)
  A hungry ghost (D:12)
  6 vampire mosquitoes
  14 swamp worms
  A warg (D:11)
  5 insubstantial wisps (Swamp:2)
  8 porcupines
  16 water moccasins
  14 swamp drakes
  11 ice beasts
  4 orc warriors
  A sky beast (D:12)
  3 eyes of draining
  8 ogres
  31 wolves
  6 black bears
  4 boggarts (Lair:6)
  2 centaurs
  13 crocodiles
  8 bullfrogs
  A wyvern skeleton (D:6)
  A killer bee (shapeshifter) (Gauntlet)
  3 scorpions
  10 wights
  5 killer bees (D:7)
  2 electric eels (Lair:2)
  4 howler monkeys
  7 crimson imps
  2 quasits
  A bullfrog zombie (D:8)
  9 hounds
  A wyvern simulacrum (Gauntlet)
  8 jellies
  Crazy Yiuf (D:2)
  11 orc priests
  21 orc wizards
  A centaur skeleton (D:12)
  Jessica (D:2)
  A bullfrog skeleton (D:10)
  5 iguanas
  Natasha (thrice) (D:2)
  Terence (D:2)
  6 hell rats (Lair:5)
  16 worker ants
  4 bullfrog simulacra (Gauntlet)
  3 hound skeletons
  A hound zombie (D:11)
  A worker ant zombie (D:7)
  A howler monkey skeleton (D:9)
  5 gnolls
  12 adders
  6 shadow imps
  A white imp (Gauntlet)
  4 oozes
  An adder zombie (D:5)
  4 worms
  3 dart slugs
  6 leopard geckos
  62 orcs
  10 bats
  5 giant cockroaches
  17 goblins
  12 hobgoblins
  2 jackals (D:4)
  2 quokkas
  6 frilled lizards
  A giant cockroach zombie (D:5)
  15 kobolds
  6 rats
  4 plants
854 creatures vanquished.

Vanquished Creatures (collateral kills)
  An acid blob (Slime:5)
  A hydra (Swamp:4)
  A shambling mangrove (Swamp:4)
  2 swamp dragons (Swamp:4)
  A hornet (Swamp:4)
  4 slime creatures (Slime:5)
10 creatures vanquished.

Vanquished Creatures (others)
  An alligator (Swamp:1)
  A polar bear (IceCv)
  A yak (IceCv)
  A swamp drake (Swamp:3)
  3 wolves (IceCv)
  9 plants
16 creatures vanquished.

Grand Total: 880 creatures vanquished

Notes
Turn   | Place    | Note
-------+----------+-------------------------------------------
     0 | D:1      | Harbin the Minotaur Fighter began the quest for the Orb.
     0 | D:1      | Reached XP level 1. HP: 19/19 MP: 0/0
   183 | D:1      | Reached XP level 2. HP: 27/27 MP: 1/1
   711 | D:2      | Reached XP level 3. HP: 33/33 MP: 2/2
   836 | D:2      | Noticed Terence
   846 | D:2      | Killed Terence
   848 | D:2      | Reached XP level 4. HP: 37/40 MP: 3/3
   888 | D:2      | Noticed Jessica
   893 | D:2      | Killed Jessica
  1149 | D:2      | Found a glowing golden altar of the Shining One.
  1152 | D:2      | Became a worshipper of the Shining One
  1226 | D:2      | Noticed Natasha
  1233 | D:2      | Killed Natasha
  1233 | D:2      | Reached skill level 1 in Dodging
  1316 | D:2      | Noticed Natasha
  1318 | D:2      | Reached XP level 5. HP: 46/46 MP: 4/4
  1325 | D:2      | Killed Natasha
  1724 | D:2      | Found a runed translucent door.
  1725 | D:2      | Noticed Crazy Yiuf
  1742 | D:2      | Killed Crazy Yiuf
  1927 | D:2      | Noticed Natasha
  1936 | D:2      | Killed Natasha
  2315 | D:3      | Reached XP level 6. HP: 50/55 MP: 5/5
  2405 | D:3      | Noticed Grinder
  2421 | D:3      | Killed Grinder
  2421 | D:3      | Reached skill level 5 in Fighting
  2421 | D:3      | Reached skill level 5 in Axes
  2421 | D:3      | Reached skill level 5 in Armour
  2421 | D:3      | Reached skill level 5 in Shields
  2421 | D:3      | Reached skill level 1 in Invocations
  2421 | D:3      | Reached skill level 1 in Evocations
  2697 | D:3      | Reached * piety under the Shining One
  2710 | D:3      | Reached XP level 7. HP: 61/61 MP: 7/7
  2771 | D:3      | Identified the Grimoire of Damaging Orientation
  3170 | D:4      | You fall into a shaft and drop 2 floors!
  3178 | D:5      | Entered Level 5 of the Dungeon
  3617 | D:4      | Reached XP level 8. HP: 70/70 MP: 8/8
  3631 | D:4      | Found an iron altar of Okawaru.
  3699 | D:4      | Found a staircase to the Ecumenical Temple.
  3720 | Temple   | Entered the Ecumenical Temple
  4026 | Temple   | Fell from the grace of the Shining One
  4026 | Temple   | Became a worshipper of Trog the Wrathful
  4459 | D:5      | Reached * piety under Trog
  4795 | D:5      | Found Buul Vunn's Antique Armour Boutique.
  4798 | D:5      | Bought a pair of boots for 81 gold pieces
  4806 | D:5      | Noticed Sigmund
  4824 | D:5      | Killed Sigmund
  4908 | D:5      | Noticed Edmund
  4919 | D:5      | Killed Edmund
  5119 | D:6      | Identified the cursed +1 war axe of the First Priests
                  | {vorpal, rC+ Str+4}
  5119 | D:6      | Identified the ring of Zabrigam {+Fly rN+ Str+3}
  5125 | D:6      | Reached XP level 9. HP: 47/79 MP: 10/10
  5171 | D:6      | Reached skill level 1 in Maces & Flails
  5516 | D:6      | Reached ** piety under Trog
  5711 | D:6      | Found a blossoming altar of Fedhas.
  6014 | D:7      | Found a hide-covered altar of Uskayaw.
  6016 | D:7      | Found a sparkling altar of Nemelex Xobeh.
  6019 | D:7      | Found a burning altar of Makhleb.
  6055 | D:7      | Noticed Menkaure
  6062 | D:7      | Killed Menkaure
  6231 | D:7      | Noticed Maggie
  6242 | D:7      | Killed Maggie
  6242 | D:7      | Reached *** piety under Trog
  6242 | D:7      | Reached skill level 5 in Evocations
  6464 | D:7      | Reached XP level 10. HP: 88/88 MP: 12/12
  6516 | D:7      | Found a bloodstained altar of Trog.
  7025 | D:8      | Found an opulent altar of Gozag.
  7025 | D:8      | Found a hazy altar of Hepliaklqana.
  7026 | D:8      | Found an ancient bone altar of Kikubaaqudgha.
  7137 | D:8      | Found a staircase to the Lair.
  7715 | D:9      | Found a white marble altar of Elyvilon.
  8189 | D:10     | Entered Level 10 of the Dungeon
  8206 | D:10     | Found a shadowy altar of Dithmenos.
  8227 | D:10     | Reached skill level 5 in Maces & Flails
  8230 | D:10     | Reached **** piety under Trog
  8316 | D:10     | Noticed Harold
  8327 | D:10     | Killed Harold
  8420 | D:10     | Noticed a two-headed ogre
  8426 | D:10     | Killed a two-headed ogre
  8481 | D:10     | Found the brooch of Shielding {Spirit SH+8}
  8885 | D:10     | Reached ***** piety under Trog
  9145 | D:11     | Reached XP level 11. HP: 97/97 MP: 14/14
  9194 | D:11     | Found a staircase to the Orcish Mines.
 10001 | D:12     | Noticed a centaur warrior
 10002 | D:12     | Noticed a four-headed hydra
 10003 | D:12     | Received a gift from Trog
 10013 | D:12     | Killed a one-headed hydra
 10013 | D:12     | Reached skill level 10 in Fighting
 10013 | D:12     | Reached skill level 10 in Shields
 10015 | D:12     | Killed a centaur warrior
 10015 | D:12     | Reached skill level 10 in Axes
 10015 | D:12     | Reached skill level 10 in Armour
 10018 | D:12     | Noticed a two-headed ogre
 10026 | D:12     | Killed a two-headed ogre
 10549 | Lair:1   | Entered Level 1 of the Lair of Beasts
 10819 | Lair:1   | Reached XP level 12. HP: 105/107 MP: 16/16
 10847 | Lair:1   | Noticed a seven-headed hydra
 10856 | Lair:1   | Killed a four-headed hydra
 10913 | Lair:1   | Noticed an eight-headed hydra
 10920 | Lair:1   | Killed a five-headed hydra
 11430 | Lair:2   | Found a frozen archway.
 11451 | IceCv    | Entered an ice cave
 11879 | IceCv    | Noticed a frost giant
 11910 | IceCv    | Killed a frost giant
 12034 | Lair:2   | Reached XP level 13. HP: 94/116 MP: 13/18
 12116 | Lair:2   | Received a gift from Trog
 12212 | Lair:2   | Reached skill level 5 in Dodging
 12231 | Lair:2   | Reached ****** piety under Trog
 12398 | Lair:2   | Identified a scroll of acquirement
 12538 | Lair:2   | Got the ring "Moukkitz" {rC+ Str+2 Int+6 Slay+2}
 12988 | Lair:3   | Found a gate leading to a gauntlet.
 12997 | Gauntlet | Entered a Gauntlet
 12997 | Gauntlet | Found a transporter.
 12997 | Gauntlet | Found a transporter.
 13029 | Gauntlet | Found a transporter.
 13042 | Gauntlet | Found a transporter.
 13059 | Gauntlet | Found a transporter.
 13059 | Gauntlet | Found a transporter.
 13059 | Gauntlet | Found a transporter.
 13061 | Gauntlet | Found a transporter.
 13061 | Gauntlet | Found a transporter.
 13079 | Gauntlet | Found a transporter.
 13090 | Gauntlet | Found a transporter.
 13099 | Gauntlet | Found a runed translucent gate.
 13100 | Gauntlet | Found a transporter.
 13100 | Gauntlet | Found a runed translucent gate.
 13101 | Gauntlet | Found a runed translucent gate.
 13114 | Gauntlet | Found a transporter.
 13134 | Gauntlet | Found a transporter.
 13192 | Gauntlet | Got a slimy brass ring
 13281 | Gauntlet | Identified the ring of Ephemeral Luck {Int-3 Dex+10 Stlth+}
                  | (You found it in a Gauntlet)
 13284 | Gauntlet | Got a pair of fine boots
 13298 | Gauntlet | Identified the cursed +0 pair of boots of Imperfection
                  | {rPois Int+2} (You found it in a Gauntlet)
 13341 | Gauntlet | Identified the ring "Qaotias" {rPois Dex+2}
 13341 | Gauntlet | Noticed a minotaur
 13357 | Gauntlet | Killed a minotaur
 13382 | Gauntlet | Found the +10 tower shield of Ignorance {rN+ Int-4}
 13946 | Lair:3   | Found a staircase to the Swamp.
 13965 | Swamp:1  | Entered Level 1 of the Swamp
 13965 | Swamp:1  | Noticed Aizul
 13988 | Lair:3   | Killed Aizul
 13996 | Swamp:1  | Upgraded the game from 0.26-a0-70-g31f1466007 to
                  | 0.26-a0-83-g7ccd015ce0
 14320 | Swamp:1  | Noticed Josephine
 14340 | Swamp:1  | Killed Josephine
 14412 | Swamp:1  | You fall into a shaft and drop 1 floor!
 14702 | Swamp:1  | Received a gift from Trog
 15167 | Swamp:1  | Reached XP level 14. HP: 129/129 MP: 19/19
 15377 | Swamp:1  | Upgraded the game from 0.26-a0-83-g7ccd015ce0 to
                  | 0.26-a0-84-g8c18429211
 16131 | Swamp:3  | Noticed a thorn hunter
 16262 | Swamp:3  | Noticed a tentacled monstrosity
 16276 | Swamp:3  | Killed a tentacled monstrosity
 16787 | Swamp:3  | Noticed a tentacled monstrosity
 16798 | Swamp:3  | Killed a tentacled monstrosity
 17556 | Swamp:4  | Entered Level 4 of the Swamp
 17750 | Swamp:4  | Reached XP level 15. HP: 51/139 MP: 1/20
 17756 | Swamp:4  | Reached skill level 15 in Fighting
 17756 | Swamp:4  | Reached skill level 15 in Shields
 17774 | Swamp:4  | Reached skill level 15 in Axes
 18305 | Swamp:4  | Got a decaying rune of Zot
 18509 | Lair:4   | Found a hole to the Spider Nest.
 18750 | Lair:4   | Received a gift from Trog
 19406 | Lair:5   | Found a staircase to the Slime Pits.
 19552 | Lair:5   | Gained mutation: Your magical capacity is low. (-10% MP)
                  | [potion of mutation]
 19552 | Lair:5   | Lost mutation: Your magical capacity is low. (-10% MP)
                  | [potion of mutation]
 19552 | Lair:5   | Gained mutation: You have a beak for a mouth. [potion of
                  | mutation]
 19552 | Lair:5   | Gained mutation: You are robust. (+10% HP) [potion of
                  | mutation]
 19553 | Lair:5   | Lost mutation: You have a beak for a mouth. [potion of
                  | mutation]
 19553 | Lair:5   | Lost mutation: You are robust. (+10% HP) [potion of
                  | mutation]
 19553 | Lair:5   | Gained mutation: You are weak. (Str -2) [potion of
                  | mutation]
 19553 | Lair:5   | Gained mutation: You are resistant to hostile enchantments.
                  | (MR+) [potion of mutation]
 19553 | Lair:5   | Gained mutation: You have sharp toenails. [potion of
                  | mutation]
 20033 | Lair:6   | Entered Level 6 of the Lair of Beasts
 20402 | Lair:6   | Received a gift from Trog
 21176 | Lair:6   | Identified the amulet "Lip Urus" {Faith rElec Int+2 SInv}
                  | (You found it on level 6 of the Lair of Beasts)
 21423 | Spider:1 | Entered Level 1 of the Spider Nest
 21423 | Spider:1 | Noticed a ghost moth
 21494 | Slime:1  | Entered Level 1 of the Pits of Slime
 21494 | Slime:1  | Noticed an acid blob
 21496 | Slime:1  | Noticed an acid blob
 21498 | Slime:1  | Noticed an acid blob
 21503 | Slime:1  | Killed an acid blob
 21508 | Slime:1  | Killed an acid blob
 21508 | Slime:1  | Reached XP level 16. HP: 50/152 MP: 14/21
 21725 | Slime:1  | Killed an acid blob
 21742 | Slime:1  | Noticed an acid blob
 21750 | Slime:1  | Killed an acid blob
 21751 | Slime:1  | Gained mutation: You are frail. (-10% HP) [a shining eye]
 21896 | Slime:1  | Gained mutation: You are occasionally teleported next to
                  | monsters. [a shining eye]
 21898 | Slime:1  | Gained mutation: You occasionally shout uncontrollably at
                  | your foes. [a shining eye]
 21932 | Slime:1  | Received a gift from Trog
 22546 | Slime:2  | Noticed an acid blob
 22548 | Slime:2  | Noticed an acid blob
 22550 | Slime:2  | Noticed an acid blob
 22550 | Slime:2  | Noticed an acid blob
 22554 | Slime:2  | Killed an acid blob
 22560 | Slime:2  | Killed an acid blob
 22562 | Slime:2  | Killed an acid blob
 22566 | Slime:2  | Killed an acid blob
 22727 | Slime:3  | Gained mutation: You are dopey. (Int -2) [a shining eye]
 22733 | Slime:3  | Noticed an acid blob
 22749 | Slime:3  | Killed an acid blob
 22822 | Slime:3  | Gained mutation: Your spells are a little easier to cast,
                  | but a little less powerful. [a shining eye]
 22824 | Slime:3  | Gained mutation: You are very frail. (-20% HP) [a shining
                  | eye]
 22864 | Slime:3  | Noticed an acid blob
 22873 | Slime:3  | Killed an acid blob
 22953 | Slime:3  | Gained mutation: Your magical capacity is low. (-10% MP) [a
                  | shining eye]
 22958 | Slime:3  | Gained mutation: Your body sometimes deteriorates upon
                  | taking damage. [a shining eye]
 22960 | Slime:3  | Gained mutation: Armour fits poorly on your strangely
                  | shaped body. [a shining eye]
 23261 | Slime:4  | Found a viscous altar of Jiyva.
 23310 | Slime:4  | Noticed an acid blob
 23322 | Slime:4  | Killed an acid blob
 23325 | Slime:4  | Noticed an acid blob
 23333 | Slime:5  | Entered Level 5 of the Pits of Slime
 23340 | Slime:4  | Received a gift from Trog
 23350 | Slime:4  | HP: 3/125 [acid (4)]
 23671 | Slime:4  | Killed an acid blob
 23747 | Slime:4  | Noticed an acid blob
 23758 | Slime:4  | Killed an acid blob
 23777 | Slime:4  | Reached XP level 17. HP: 87/130 MP: 20/20
 23978 | Slime:4  | Gained mutation: You are very weak. (Str -4) [a shining
                  | eye]
 24317 | Slime:5  | Noticed an acid blob
 24318 | Slime:5  | Noticed an acid blob
 24320 | Slime:5  | Noticed the Royal Jelly
 24322 | Slime:5  | Noticed an acid blob
 24325 | Slime:5  | Killed an acid blob
 24325 | Slime:5  | Noticed an acid blob
 24326 | Slime:5  | Noticed an acid blob
 24331 | Slime:5  | Gained mutation: You are extremely frail. (-30% HP) [a
                  | shining eye]
 24334 | Slime:5  | Killed an acid blob
 24336 | Slime:5  | Killed an acid blob
 24337 | Slime:5  | Noticed an acid blob
 24352 | Slime:5  | Gained mutation: You are clumsy. (Dex -2) [a shining eye]
 24354 | Slime:5  | HP: 3/116 [azure jelly[the Royal Jelly] (17)]
 24357 | Slime:4  | Slain by an azure jelly

Illustrated notes

Levels and vault maps discovered:
D:1:      minmay_arrival_cross, layout_basic, serial_forest,
          infiniplex_forest_split, infiniplex_forest_straight_2,
          infiniplex_forest_straight_2, infiniplex_forest_corner_2,
          infiniplex_forest_corner_1, infiniplex_forest_3_way,
          infiniplex_forest_straight_4
D:2:      layout_basic, tso_oasis_becter, uniq_crazy_yiuf_cottage, uniq_natasha,
          uniq_terence, uniq_jessica
D:3:      minmay_octagon_keep, layout_basic, uniq_grinder
D:4:      layout_cave_pools, marbit_many_paths,
          minmay_temple_entry_proselytizer, first_ration, minmay_crystal_room,
          hangedman_abyss_or_decor_lesser_grid
D:5:      layout_cave_pools, serial_shops, shop, serial_column_ruins,
          column_ruins_grid_3, column_ruins_open_small_water,
          column_ruins_grid_3, column_ruins_grid_1, column_ruins_open_tiny,
          column_ruins_columns_water, column_ruins_grid_1, uniq_edmund,
          uniq_sigmund
D:6:      layout_rooms, fedhas_altar_4
D:7:      layout_cave_pods, minmay_overflow_temple_star_quad,
          trog_hazing_becter, uniq_menkaure, uniq_maggie
D:8:      layout_rooms, chequers_temple_overflow_statue_of_worship,
          lair_entry_dummy, roderic_roman_lattice, grunt_ogre_cave
D:9:      layout_roguey, basic_altar
D:10:     minmay_flawed_box, layout_basic, grunt_dithmenos_smoke, uniq_harold
D:11:     layout_grid_maze, erik_orc_4, kennysheep_pointless_box
D:12:     layout_loops_ring, hangedman_decor_push
D:13:     layout_cave_pods
Temple:   minmay_temple_curvy_branch
Lair:1:   layout_roguey, grunt_megastairs_2
Lair:2:   layout_roguey, portal_ice_cave_entry_ice_beasts, serial_bayou_ford_a,
          forest_entry_grove
Lair:3:   layout_roguey, palyth_hydra_swamp_entry, gauntlet_entry_generic
Lair:4:   layout_regular_city, spider_nest_entry_a, lemuel_fruit_fields,
          grunt_megastairs_4
Lair:5:   layout_regular_city, minmay_slime_entry_pillars, lookout_lair_type,
          lemuel_fruit_tree
Lair:6:   minmay_lair_end_enchanted_forest, layout_misc_corridors,
          serial_bayou_shore_a, infiniplex_staircase_pool_2,
          minmay_lair_oklob_chamber, serial_bayou_shore_b, grunt_megastairs_3
Swamp:1:  layout_falls_marsh, evilmike_swamp_ruin_house_6, uniq_josephine,
          uniq_aizul
Swamp:2:  layout_basic_swamp, nicolae_swamp_orc_logging_accident
Swamp:3:  layout_basic_swamp, serial_swamp_ruin, evilmike_swamp_ruin_house_3,
          evilmike_swamp_ruin_house_2
Swamp:4:  swamp, layout_basic_swamp
Spider:1: layout_spider_delve
Slime:1:  layout_caves
Slime:2:  layout_caves
Slime:3:  layout_caves
Slime:4:  layout_caves, basic_altar
Slime:5

Skill      XL: |  1  2  3  4  5  6  7  8  9 10 11 12 13 14 15 16 |
---------------+-------------------------------------------------+-----
Shields        | 4 5 6 8 9 10 11 13 14 16 18 | 18.6
Fighting       | 4 5 6 7 8 9 10 11 13 14 16 18 | 18.6
Armour         | 4 5 7 8 9 10 11 | 11.7
Axes           | 3 4 5 6 8 9 10 11 13 14 16 17 | 17.4
Dodging        | 1 2 4 5 |  5.4
Invocations    | 1 2 |  2.2
Evocations     | 1 2 3 5 6 7 8 |  8.5
Maces & Flails | 3 5 7 8 |  8.0
Stealth        | |  0.2

Action                   |  1- 3 |  4- 6 |  7- 9 | 10-12 | 13-15 | 16-18 || total
-------------------------+-------+-------+-------+-------+-------+-------++-------
Melee: War axe           |    69 |   133 |   285 |   297 |    61 |       ||   845
       Headbutt          |    11 |    17 |    47 |   135 |   202 |    77 ||   489
       Flail             |       |       |    16 |       |       |       ||    16
       Hand axe          |       |       |       |   194 |       |       ||   194
       Broad axe         |       |       |       |    68 |   834 |   249 ||  1151
Invok: Berserk           |       |       |     3 |     4 |     9 |     2 ||    18
       Trog's Hand       |       |       |       |     2 |     7 |     4 ||    13
       Brothers in Arms  |       |       |       |       |     1 |     1 ||     2
Evoke: Wand              |       |       |       |       |       |    15 ||    15
  Use: Scroll            |       |     4 |    10 |     7 |    18 |     4 ||    43
       Potion            |       |       |       |       |     6 |     3 ||     9
 Stab: Sleeping          |       |       |     1 |     1 |       |       ||     2
       Confused          |       |       |       |       |     4 |       ||     4
       Distracted        |       |       |       |       |       |     1 ||     1
  Eat: Chunk             |       |     6 |    15 |    24 |    21 |     1 ||    67
       Ration            |       |       |       |       |     6 |     3 ||     9
Armor: Scale mail        |    35 |    41 |    84 |       |       |       ||   160
       Ring mail         |       |       |    45 |    30 |       |       ||    75
       Troll leather arm |       |       |       |   108 |    13 |       ||   121
       Swamp dragon scal |       |       |       |     5 |     1 |       ||     6
       Plate armour      |       |       |       |       |   202 |    39 ||   241
Dodge: Dodged            |    22 |    34 |   120 |   155 |   106 |    18 ||   455
Block: Kite shield       |    41 |    65 |   171 |   479 |    79 |       ||   835
       Tower shield      |       |       |       |       |  1118 |   200 ||  1318

Table legend:
 A = Non-vault XP
 B = Vault XP
 C = Vault XP percentage of total XP
 D = Non-vault monster count
 E = Vault monster count
 F = Vault count percentage of total count
                 A         B        C        D         E       F
            +---------+---------+-------+---------+---------+-------
      Total |  165492 |   67174 |  28.9 |     612 |     251 |  29.1
            +---------+---------+-------+---------+---------+-------
        D:1 |      39 |       0 |   0.0 |      21 |       0 |   0.0
        D:2 |     132 |     151 |  53.4 |      21 |       4 |  16.0
        D:3 |     125 |     350 |  73.7 |      29 |      14 |  32.6
        D:4 |     756 |      92 |  10.8 |      20 |       2 |   9.1
        D:5 |     576 |     408 |  41.5 |      31 |       2 |   6.1
        D:6 |    1217 |       6 |   0.5 |      27 |       1 |   3.6
        D:7 |    1678 |     562 |  25.1 |      43 |       8 |  15.7
        D:8 |     651 |     121 |  15.7 |      13 |       1 |   7.1
        D:9 |     973 |       0 |   0.0 |       9 |       0 |   0.0
       D:10 |    1829 |    1297 |  41.5 |      21 |       9 |  30.0
       D:11 |    1693 |     578 |  25.5 |      25 |      18 |  41.9
       D:12 |    5899 |       0 |   0.0 |      25 |       0 |   0.0
     Lair:1 |    4039 |    1236 |  23.4 |       9 |       5 |  35.7
     Lair:2 |    4296 |    2205 |  33.9 |      20 |      15 |  42.9
     Lair:3 |    1230 |    3887 |  76.0 |       6 |       6 |  50.0
     Lair:4 |    4729 |     973 |  17.1 |      18 |       4 |  18.2
     Lair:5 |    1815 |     164 |   8.3 |      12 |       4 |  25.0
     Lair:6 |    9847 |   13221 |  57.3 |      30 |      55 |  64.7
    Swamp:1 |   10739 |    1911 |  15.1 |      25 |       5 |  16.7
    Swamp:2 |    7044 |       0 |   0.0 |      24 |       0 |   0.0
    Swamp:3 |   22572 |       0 |   0.0 |      43 |       0 |   0.0
    Swamp:4 |    5834 |   19248 |  76.7 |      18 |      31 |  63.3
    Slime:1 |   19996 |       0 |   0.0 |      30 |       0 |   0.0
    Slime:2 |   16998 |       0 |   0.0 |      23 |       0 |   0.0
    Slime:3 |   15601 |       0 |   0.0 |      29 |       0 |   0.0
    Slime:4 |   15960 |       0 |   0.0 |      27 |       0 |   0.0
    Slime:5 |    9224 |    6020 |  39.5 |      13 |       4 |  23.5
      IceCv |       0 |   11478 | 100.0 |       0 |      48 | 100.0
   Gauntlet |       0 |    3266 | 100.0 |       0 |      15 | 100.0
            +---------+---------+-------+---------+---------+-------
